 Dungeon Crawl Stone Soup version 0.30.1-9-gdf580d7c3d (webtiles) character file.

Game seed: 4545440860984769466

2839 KittyFluff the Protected (level 9, -2/84 HPs)
             Began as a Gargoyle Berserker on Oct 14, 2023.
             Was a Priest of Trog.
             Slain by an orc warrior
             ... wielding a +0 great sword
              (9 damage)
             ... on level 7 of the Dungeon.
             The game lasted 00:25:34 (5921 turns).

KittyFluff the Protected (Gargoyle Berserker)       Turns: 5921, Time: 00:25:35

Health: -2/84      AC: 14    Str: 28    XL:     9   Next: 74%
Magic:  0/3        EV: 14    Int:  9    God:    Trog [***...]
Gold:   348        SH:  3    Dex: 16    Spells: 8/8 levels left

rFire   + . .        p - +9 whip of Pussaq {antimagic, Str+4 Dex+7 Stlth-}
rCold   + . .        C - +0 buckler
rNeg    + + .        J - +0 steam dragon scales
rPois   ∞            (no helmet)
rElec   +            F - scarf {rC+ rF+}
rCorr   .            (no gloves)
SInv    .            H - +0 pair of boots
Will    .....        t - amulet of guardian spirit Stlth
                     n - ring of positive energy
HPRegen 0.34/turn    (no ring)
MPRegen 0.08/turn

%: guardian spirit
@: berserking (expiring), very quick
A: sickness immunity, AC +6, negative energy resistance 1, electricity
resistance, torment resistance 1, petrification resistance
a: Renounce Religion, Berserk, Trog's Hand


You were on level 7 of the Dungeon.
You worshipped Trog.
Trog was most pleased with you.
You visited 1 branch of the dungeon, and saw 7 of its levels.

You collected 348 gold pieces.

Inventory:

Hand Weapons
 p - the +9 whip of Pussaq (weapon) {antimagic, Str+4 Dex+7 Stlth-}
   (You found it on level 2 of the Dungeon)

   Str:       It affects your strength (+4).
   Dex:       It affects your dexterity (+7).
   Stlth:     It makes you less stealthy.
 D - a +2 flail of holy wrath
 I - a +0 shortbow
Missiles
 u - 6 poisoned darts (quivered)
 v - 5 javelins
 y - 3 boomerangs
Armour
 C - a +0 buckler (worn)
 F - a scarf of resistance (worn)
 H - a +0 pair of boots (worn)
 J - +0 steam dragon scales (worn)
Jewellery
 n - a ring of positive energy (left hand)
 t - an amulet of guardian spirit (around neck)
Scrolls
 b - 5 scrolls of identify {unknown}
 c - 3 scrolls of poison {unknown}
 d - 2 scrolls of enchant weapon {unknown}
 g - 2 scrolls of magic mapping {unknown}
 h - 2 scrolls of fog {unknown}
 k - a scroll of torment {unknown}
 l - 4 scrolls of blinking {unknown}
 o - 2 scrolls of amnesia {unknown}
 s - a scroll of immolation {unknown}
 w - 3 scrolls of teleportation {unknown}
 x - a scroll of noise {unknown}
 E - a scroll of summoning {unknown}
 K - a scroll of fear {unknown}
Potions
 a - 2 potions of attraction {unknown}
 e - 2 potions of invisibility {unknown}
 f - a potion of cancellation {unknown}
 i - a potion of mutation {unknown}
 j - 2 potions of degeneration {unknown}
 m - 2 potions of lignification {unknown}
 q - 2 potions of flight {unknown}
 r - a potion of berserk rage {unknown}
 z - 2 potions of resistance {unknown}
 A - 5 potions of curing {unknown}
 B - 4 potions of heal wounds {unknown}
 G - 2 potions of magic {unknown}


   Skills:
 + Level 6.6 Fighting
 * Level 8.3 Maces & Flails
 * Level 8.6 Armour
 + Level 4.6 Dodging


You had 8 spell levels left.
You didn't know any spells.
Your spell library was empty.

Dungeon Overview and Level Annotations

Branches:
Dungeon (6/15)
 Temple: D:4-7

Altars:
Ashenzari
Cheibriados
Elyvilon
Makhleb
Ru
Trog
Vehumet
Wu Jian

Shops:
D:5 *


Innate Abilities, Weirdness & Mutations

You are immune to sickness and miasma.
Your stone body is resilient. (AC +6)
You are immune to poison.
You resist negative energy. (rN+)
You are resistant to electric shocks. (rElec)
You are resistant to unholy torment.
You are immune to petrification.


Message History

Elk's ghost is severely damaged.
Elk's ghost hits you but does no damage.
You closely miss elk's ghost.
Elk's ghost is severely damaged.
You closely miss elk's ghost.
Elk's ghost is severely damaged.
Elk's ghost hits you but does no damage.
You hit elk's ghost but do no damage.
Elk's ghost is severely damaged.
You closely miss elk's ghost.
Elk's ghost is severely damaged.
Elk's ghost hits you but does no damage.
The orc priest casts a cantrip, but nothing happens.
You whack elk's ghost!
Elk's ghost is almost destroyed.
You whack elk's ghost!
Elk's ghost is almost destroyed.
Elk's ghost hits you.
* * * LOW HITPOINT WARNING * * *
You barely miss elk's ghost.
Elk's ghost is almost destroyed.
You whack elk's ghost!
You destroy elk's ghost!
Trog accepts your kill.
The orc priest mumbles some strange prayers to Beogh against you.
Beogh smites you!
* * * LOW HITPOINT WARNING * * *
Your Maces & Flails skill increases to level 8!
You whack the orc warrior!
The orc warrior is heavily wounded.
You hit the orc warrior but do no damage.
The orc warrior is heavily wounded.
The orc priest looks braver for a moment.
The orc warrior misses you.
You hit the orc warrior.
The orc warrior is heavily wounded.
You closely miss the orc warrior.
The orc warrior is heavily wounded.
The orc warrior hits you with a +0 great sword!
You die...

#...#.#...) ##...
#...#..##. ##..
#...#..#8.. ##.
#...#..##.. ##
#...#o....8 #
#oo8######## #
#oo###.###.########
##o# #..........##.
#@# #####.####....
#.#######.# #<...
#.........# ##.##
########### #.##
#.## #.## ####.##
##### ##......
#...### #..#####


You could see 2 orc warriors, an orc priest and 2 orcs.

Vanquished Creatures
  The ghost of elk the Fighter, a novice MiFi of Nemelex Xobeh (D:7)
  Maggie (D:7)
  A wyvern (D:5)
  Eustachio (D:5)
  Edmund (D:4)
  3 ice beasts
  2 centaurs
  2 ogres (D:5)
  6 phantoms
  A necrophage (D:7)
  A bullfrog (D:7)
  A howler monkey (D:7)
  2 hounds
  A jelly (D:5)
  A sleepcap (D:5)
  3 iguanas
  2 orc wizards (D:4)
  A hound skeleton (D:7)
  5 adders
  3 white imps
  A worm (D:2)
  2 dart slugs
  9 orcs
  6 endoplasms
  3 giant cockroaches
  6 goblins
  8 hobgoblins
  3 quokkas
  7 ball pythons
  3 bats
  3 frilled lizards
  9 kobolds
  4 rats
103 creatures vanquished.

Notes
Turn   | Place    | Note
-------+----------+-------------------------------------------
     0 | D:1      | KittyFluff the Gargoyle Berserker began the quest for the
                  | Orb.
     0 | D:1      | Reached XP level 1. HP: 14/14 MP: 1/1
   170 | D:1      | Reached XP level 2. HP: 18/19 MP: 2/2
   588 | D:1      | Reached XP level 3. HP: 17/23 MP: 3/3
   706 | D:1      | Reached ** piety under Trog
  1164 | D:2      | Identified the +9 whip of Pussaq {antimagic, Str+4 Dex+7
                  | Stlth-}
  1330 | D:2      | Found a snail-covered altar of Cheibriados.
  1608 | D:3      | Found a radiant altar of Vehumet.
  1774 | D:3      | Reached XP level 4. HP: 26/28 MP: 1/4
  1780 | D:3      | Found a bloodstained altar of Trog.
  1931 | D:3      | Found a sacrificial altar of Ru.
  2405 | D:4      | HP: 1/29 [orc/+0 war axe (1)]
  2412 | D:4      | Reached XP level 5. HP: 2/33 MP: 1/5
  2604 | D:4      | Found a broken altar of Ashenzari.
  2904 | D:4      | Noticed Edmund
  2931 | D:4      | Killed Edmund
  2932 | D:4      | Reached XP level 6. HP: 7/38 MP: 0/6
  3564 | D:5      | Entered Level 5 of the Dungeon
  3719 | D:5      | Noticed an ice beast
  3728 | D:5      | Killed an ice beast
  3729 | D:5      | Reached skill level 5 in Maces & Flails
  3729 | D:5      | Reached XP level 7. HP: 32/44 MP: 2/7
  3774 | D:5      | Noticed a wyvern
  3785 | D:5      | Killed a wyvern
  3786 | D:5      | Reached skill level 5 in Armour
  4004 | D:5      | Found an ornate altar of the Wu Jian Council.
  4189 | D:5      | Noticed Eustachio
  4199 | D:5      | Killed Eustachio
  4200 | D:5      | Reached skill level 5 in Fighting
  4200 | D:5      | Reached XP level 8. HP: 34/49 MP: 2/8
  4435 | D:5      | Found Ickem's Assorted Antiques.
  4538 | D:5      | Reached *** piety under Trog
  4884 | D:6      | You fall into a shaft and drop 1 floor!
  4901 | D:7      | Noticed Maggie
  4912 | D:7      | Killed Maggie
  4913 | D:7      | Reached XP level 9. HP: 53/55 MP: 1/9
  5076 | D:7      | Found a burning altar of Makhleb.
  5678 | D:7      | Found a white marble altar of Elyvilon.
  5742 | D:7      | Found a runed translucent gate.
  5743 | D:7      | Found a runed translucent gate.
  5743 | D:7      | Noticed elk's ghost (novice MiFi)
  5744 | D:7      | Found a runed translucent gate.
  5917 | D:7      | Killed elk's ghost
  5921 | D:7      | Slain by an orc warrior

Illustrated notes

Levels and vault maps discovered:
D:1:      roderic_dead_forest, layout_basic
D:2:      layout_basic, basic_altar, minmay_misc_feat_iff
D:3:      layout_loops_ring, bloody_trog, nicolae_vehumet_altar_sigil,
          lemuel_tele_altar, grunt_ministairs_2, minivault_11
D:4:      layout_basic, nicolae_ashenzari_panopticon, chequers_big_river,
          uniq_edmund
D:5:      minmay_diamond_boxcup, layout_basic, kennysheep_mini_moat,
          serial_shops, shop, feat_on_display, uniq_eustachio
D:6:      layout_rooms, minmay_temple_entry_poolview, minmay_misc_feat_doors,
          hangedman_minor_gate_pass
D:7:      layout_loops_corners, makhleb_blood_cavern_becter,
          nicolae_elyvilon_peaceful_grove, biasface_ghost_orc_armoury,
          uniq_maggie

Skill      XL: |  1  2  3  4  5  6  7  8  9 |
---------------+----------------------------+-----
Armour         | 3 4 6 7 8 |  8.6
Dodging        | 2 3 4 |  4.6
Maces & Flails | 4 5 6 7 8 |  8.3
Fighting       | 4 5 6 |  6.6

Action                     |  1- 3 |  4- 6 |  7- 9 || total
---------------------------+-------+-------+-------++-------
  Melee: Mace              |    71 |       |       ||    71
         Whip              |    34 |    90 |   203 ||   327
 Invoke: Berserk           |       |     1 |     1 ||     2
 Armour: Animal skin       |    12 |       |       ||    12
         Leather armour    |    23 |    40 |    33 ||    96
         Steam dragon scal |       |       |    21 ||    21
  Dodge: Dodged            |    49 |    41 |    79 ||   169
  Block: Buckler           |       |     3 |    19 ||    22
